 Dungeon Crawl Stone Soup version 0.25-a0-1073-gf4359a17dd (webtiles) character file.

Game seed: 7875060258937536162, levelgen mode: deterministic

32955 Flugslaktarn the Cleaver (level 13, 0/70 HPs)
             Began as a Vine Stalker Fighter on May 14, 2020.
             Was a High Priest of Makhleb.
             Slain by a spriggan
             ... wielding a +0 short sword
              (1 damage)
             ... while petrified by a basilisk
             ... on level 6 of the Lair of Beasts.
             The game lasted 00:10:54 (13427 turns).

Flugslaktarn the Cleaver (Vine Stalker Fighter)    Turns: 13427, Time: 00:10:54

Health: 0/70       AC: 19    Str: 22    XL:     13   Next: 67%
Magic:  0/20       EV:  2    Int:  8    God:    Makhleb [*****.]
Gold:   664        SH:  0    Dex: 16    Spells: 12/12 levels left

rFire    . . .     SeeInvis +   b - +1 broad axe (elec)
rCold    . . .     Gourm    .   y - +2 kite shield
rNeg     + + +     Faith    .   k - +1 plate armour "Eleanudo" {+Fly} (curse)
rPois    ∞         Spirit   +   (no helmet)
rElec    .         Reflect  +   f - +0 cloak
rCorr    .         Harm     .   p - +1 pair of gloves
MR       +....                  j - +0 pair of boots
Stlth    ..........             o - amulet of reflection
HPRegen  1.01/turn              i - ring of see invisible
MPRegen  0.17/turn              (no ring)

@: petrified
A: fangs 3, regeneration 2, magic shield, antimagic bite, no potion heal 3, rot
immunity
a: Minor Destruction, Lesser Servant of Makhleb, Major Destruction, Greater
Servant of Makhleb, Renounce Religion, Evoke Flight


You were on level 6 of the Lair of Beasts.
You worshipped Makhleb.
Makhleb was extremely pleased with you.
You were not hungry.

You visited 3 branches of the dungeon, and saw 17 of its levels.
You also visited: Ossuary.

You collected 2011 gold pieces.
You spent 1347 gold pieces at shops.

Inventory:

Hand Weapons
 a - a +2 war axe of flaming
   (You bought it in a shop on level 5 of the Dungeon)
 b - a +1 broad axe of electrocution (weapon)
   (You acquired it on level 5 of the Dungeon)
Missiles
 A - 10 curare-tipped darts (quivered)
Armour
 f - a +0 cloak (worn)
   (You found it on level 2 of the Dungeon)
 j - a +0 pair of boots (worn)
   (You found it on level 2 of the Dungeon)
 k - the cursed +1 plate armour "Eleanudo" (worn) {+Fly}
   (You bought it in a shop on level 5 of the Dungeon)

   It lets you fly.
   It has a curse placed upon it.
 p - a +1 pair of gloves (worn)
   (You found it on level 4 of the Dungeon)
 y - a +2 kite shield (worn)
   (You found it on level 5 of the Dungeon)
Jewellery
 i - a ring of see invisible (left hand)
   (You found it on level 6 of the Dungeon)
 n - an uncursed ring of fire
   (You found it on level 3 of the Dungeon)
 o - an amulet of reflection (around neck)
   (You found it on level 4 of the Dungeon)
 D - an uncursed amulet of regeneration
   (You found it on level 4 of the Lair of Beasts)
Wands
 s - a wand of iceblast (12)
   (You found it on level 8 of the Dungeon)
 v - a wand of digging (4)
   (You found it on level 3 of the Dungeon)
 L - a wand of enslavement (10)
   (You found it on level 2 of the Lair of Beasts)
 M - a wand of clouds (4)
   (You found it on level 5 of the Lair of Beasts)
Scrolls
 r - a scroll of identify
 t - 2 scrolls of teleportation
 x - 3 scrolls of remove curse
 z - a scroll of fear
 C - a scroll of magic mapping
 E - a scroll of holy word
 F - a scroll of fog
 K - a scroll of immolation
 N - a scroll of silence
Potions
 c - a potion of stabbing
 d - 3 potions of might
 g - 4 potions of berserk rage
 h - 3 potions of haste
 l - 4 potions of lignification
 m - a potion of brilliance
 q - 9 potions of curing
 u - 4 potions of invisibility
 w - 2 potions of magic
 B - a potion of resistance
 G - 4 potions of cancellation
 H - 4 potions of mutation
 I - a potion of flight {unknown}
Comestibles
 e - 31 rations
 J - 25 chunks of flesh


   Skills:
 + Level 9.0 Fighting
 * Level 12.0 Axes
 + Level 8.2 Armour
 + Level 5.6 Dodging
 + Level 9.0 Shields
 + Level 8.2 Invocations


You had 12 spell levels left.
You didn't know any spells.
Your spell library was empty.

Dungeon Overview and Level Annotations

Branches:
Dungeon (10/15)            Temple (1/1) D:5            Lair (6/6) D:10
 Shoals (0/4) Lair:3       Spider (0/4) Lair:4        Slime (0/5) Lair:5
    Orc (0/2) D:9         Ossuary (visited)

Altars:
Ashenzari
Cheibriados
Dithmenos
Elyvilon
Fedhas
Gozag
Hepliaklqana
Kikubaaqudgha
Makhleb
Nemelex Xobeh
Okawaru
Qazlal
Ru
Sif Muna
Trog
Uskayaw
Vehumet
Wu Jian
Yredelemnul
Zin
The Shining One
Jiyva

Shops:
D:5 [***?   D:8 (

Annotations:
Lair:3 3 runed translucent doors, wullow's ghost, journeyman DsFi
Lair:4 2 transporters
Lair:5 1 runed translucent door


Innate Abilities, Weirdness & Mutations

You have razor-sharp teeth.
You heal very quickly.
When hurt, damage is shared between your health and your magic reserves.
Your bite disrupts and absorbs the magic of your enemies.
Potions cannot restore your health.
You are immune to rotting.


Message History

The spriggan hits you but does no damage.
The wolf bites you but does no damage. x2; The wolf bites you.
The wolf bites you but does no damage.
The wolf bites you but does no damage. x4; The fire crab bites you.
* * * LOW HITPOINT WARNING * * *
You are engulfed in flames!
* * * LOW HITPOINT WARNING * * *
The fire crab claws you but does no damage.
The spriggan hits you but does no damage.
The wolf bites you but does no damage. x2; The wolf bites you.
* * * LOW HITPOINT WARNING * * *
The wolf bites you but does no damage. The fire crab barely misses you.
The fire crab claws you.
* * * LOW HITPOINT WARNING * * *
You are engulfed in flames!
* * * LOW HITPOINT WARNING * * *
The wolf bites you but does no damage. x2; The wolf bites you.
The wolf bites you but does no damage.
The spriggan hits you with a +0 short sword.
You die...

♣.....# ## ♣♣.....##
## ♣.......#### ##.
♣♣..........###..
♣♣........P..#P#..
♣♣.................
♣..................
♣♣♣h................
♣.h@h...............
♣.iht......#.#.....#
♣..†.......########.
♣..........# .
♣...........# .
♣♣..........
.♣.........
..♣♣♣....... ♣.♣
.......


You could see a fire crab, a spriggan and 4 wolves.

Vanquished Creatures
  Josephine (D:10)
  Fannar (Lair:1)
  2 hydras
  Erolcha (D:10)
  Erica (D:8)
  A two-headed ogre (D:10)
  4 death yaks (Lair:6)
  2 oklob plants
  Joseph (D:8)
  2 black mambas
  20 elephants
  3 komodo dragons
  2 rime drakes
  2 slime creatures (D:6)
  2 jumping spiders (Lair:4)
  Prince Ribbit (D:7)
  3 hippogriffs
  4 dream sheep (Lair:4)
  6 redbacks (Lair:4)
  Sigmund (D:2)
  7 wraiths
  A wyvern (Lair:5)
  12 yaks
  Grum (D:8)
  Eustachio (D:4)
  2 basilisks
  A warg (D:9)
  A hungry ghost (D:10)
  10 water moccasins
  A black bear (D:10)
  5 orc warriors
  A porcupine (Lair:1)
  A sky beast (D:7)
  3 ice beasts
  A phantom (D:5)
  11 wolves
  10 crocodiles
  6 centaurs
  5 ogres
  4 big kobolds
  13 bullfrogs
  4 scorpions
  7 killer bees (D:8)
  9 wights
  4 electric eels (D:9)
  6 howler monkeys
  6 crimson imps
  A bullfrog skeleton (D:9)
  A bullfrog zombie (D:8)
  8 jellies
  A centaur skeleton (D:4)
  Crazy Yiuf (D:2)
  8 orc priests
  2 hounds
  4 orc wizards
  Ijyb (D:3)
  4 iguanas
  5 worker ants
  A hound zombie (D:7)
  A hound skeleton (D:8)
  A worker ant zombie (D:7)
  4 gnolls (D:5)
  A howler monkey skeleton (D:4)
  14 adders
  2 shadow imps
  9 oozes
  2 adder zombies (Ossuary)
  2 worms
  2 dart slugs
  6 leopard geckos
  32 orcs
  A ball python (D:2)
  3 giant cockroaches
  5 hobgoblins
  13 jackals
  3 quokkas
  6 bats
  5 frilled lizards
  4 goblins
  A hobgoblin zombie (Ossuary)
  39 kobolds
  2 leopard gecko skeletons (D:6)
  5 orc skeletons (Ossuary)
  7 rats
  5 fungi
  10 plants
415 creatures vanquished.

Vanquished Creatures (collateral kills)
  A hydra (Lair:3)
1 creature vanquished.

Vanquished Creatures (others)
  A kobold (D:10)
  6 fungi (D:6)
  8 toadstools (D:6)
15 creatures vanquished.

Grand Total: 431 creatures vanquished

Notes
Turn   | Place    | Note
-------+----------+-------------------------------------------
     0 | D:1      | Flugslaktarn the Vine Stalker Fighter began the quest for
                  | the Orb.
     0 | D:1      | Reached XP level 1. HP: 11/11 MP: 2/2
    51 | D:1      | Reached skill level 2 in Axes
    54 | D:1      | Reached XP level 2. HP: 8/16 MP: 1/3
   603 | D:2      | Reached XP level 3. HP: 12/19 MP: 2/4
  1244 | D:2      | Found a runed translucent door.
  1245 | D:2      | Noticed Crazy Yiuf
  1310 | D:2      | Noticed Sigmund
  1320 | D:2      | Killed Sigmund
  1320 | D:2      | Reached skill level 3 in Axes
  1320 | D:2      | Gained mutation: Your natural rate of healing is unusually
                  | fast. [Vine Stalker growth]
  1320 | D:2      | Reached XP level 4. HP: 14/24 MP: 2/5
  1320 | D:2      | Reached XP level 5. HP: 16/28 MP: 2/6
  1397 | D:2      | Killed Crazy Yiuf
  1484 | D:3      | Reached XP level 6. HP: 26/32 MP: 7/7
  1714 | D:3      | Noticed Ijyb
  1731 | D:3      | Killed Ijyb
  1731 | D:3      | Reached skill level 4 in Axes
  2146 | D:4      | Found a blossoming altar of Fedhas.
  2179 | D:4      | Found a sacrificial altar of Ru.
  2257 | D:4      | Noticed Eustachio
  2283 | D:4      | Killed Eustachio
  2283 | D:4      | Reached XP level 7. HP: 27/37 MP: 8/8
  2335 | D:4      | Became a worshipper of Ru the Awakened
  2641 | D:5      | Entered Level 5 of the Dungeon
  2663 | D:5      | Found Xoesk's Assorted Antiques.
  2681 | D:5      | Found a shadowy altar of Dithmenos.
  2685 | D:5      | Reached skill level 5 in Axes
  2733 | D:5      | Found Taitt's Assorted Antiques.
  2751 | D:5      | Found a staircase to the Ecumenical Temple.
  2772 | D:5      | Gained mutation: You have razor-sharp teeth. [Vine Stalker
                  | growth]
  2772 | D:5      | Reached XP level 8. HP: 42/42 MP: 9/9
  2824 | D:5      | Found Ivinib's Antique Armour Shop.
  2889 | Temple   | Entered the Ecumenical Temple
  2974 | Temple   | Fell from the grace of Ru
  2974 | Temple   | Became a worshipper of Makhleb the Destroyer
  3097 | D:5      | Found Ygiceib's Magic Scroll Boutique.
  3190 | D:5      | Found Uteofebo's Assorted Antiques.
  3271 | D:6      | Reached skill level 1 in Invocations
  3337 | D:6      | Reached skill level 6 in Axes
  3392 | D:6      | Found a sand-covered staircase.
  3396 | Ossuary  | Entered an ossuary
  3522 | Ossuary  | Noticed a flying skull
  3522 | Ossuary  | Noticed a wraith
  3532 | Ossuary  | Noticed a flying skull
  3533 | Ossuary  | Noticed a flying skull
  3556 | Ossuary  | Noticed a flying skull
  3562 | Ossuary  | Noticed a flying skull
  3563 | Ossuary  | Noticed a wraith
  3578 | Ossuary  | Killed a wraith
  3578 | Ossuary  | Reached skill level 5 in Fighting
  3578 | Ossuary  | Reached skill level 5 in Shields
  3593 | Ossuary  | Noticed a wraith
  3607 | Ossuary  | Killed a wraith
  3630 | Ossuary  | Reached XP level 9. HP: 47/47 MP: 11/11
  3896 | D:6      | Reached * piety under Makhleb
  4242 | D:5      | Bought a glowing war axe for 143 gold pieces
  4297 | D:6      | Reached skill level 7 in Axes
  4425 | D:6      | Reached skill level 5 in Armour
  4712 | D:7      | Reached ** piety under Makhleb
  4846 | D:7      | Found an opulent altar of Gozag.
  5139 | D:7      | Noticed Prince Ribbit
  5150 | D:7      | Killed Prince Ribbit
  5150 | D:7      | Reached XP level 10. HP: 53/53 MP: 10/14
  5304 | D:8      | Found Qaem's Weapon Shop.
  5323 | D:8      | Reached skill level 8 in Axes
  5872 | D:8      | Noticed Erica
  5881 | D:8      | Killed Erica
  5882 | D:8      | Reached *** piety under Makhleb
  5971 | D:8      | Noticed Grum
  6009 | D:8      | Killed Grum
  6231 | D:8      | Reached skill level 5 in Invocations
  6380 | D:8      | Noticed Joseph
  6390 | D:8      | Killed Joseph
  6390 | D:8      | Reached skill level 9 in Axes
  7075 | D:9      | Found a glowing silver altar of Zin.
  7110 | D:9      | Reached XP level 11. HP: 58/58 MP: 14/16
  7340 | D:9      | Identified a scroll of acquirement
  7340 | D:9      | Identified the ring "Siqox" {Wiz +Blink Str-2 Int+4} (You
                  | acquired it on level 9 of the Dungeon)
  7340 | D:9      | Identified the +0 pair of boots of Too Many Cooks {rN+
                  | Str+4} (You acquired it on level 9 of the Dungeon)
  7451 | D:5      | Bought a translucent plate armour for 476 gold pieces
  7461 | D:5      | Identified the cursed +1 plate armour "Eleanudo" {+Fly}
                  | (You bought it in a shop on level 5 of the Dungeon)
  7485 | D:5      | Bought a scroll of acquirement for 728 gold pieces
  7597 | D:9      | Found a staircase to the Orcish Mines.
  7676 | D:9      | Found an iron altar of Okawaru.
  8094 | D:10     | Entered Level 10 of the Dungeon
  8102 | D:10     | Reached **** piety under Makhleb
  8117 | D:10     | Noticed Erolcha
  8129 | D:10     | Killed Erolcha
  8173 | D:10     | Noticed Josephine
  8184 | D:10     | Killed Josephine
  8190 | D:10     | Reached skill level 10 in Axes
  8480 | D:10     | Found a staircase to the Lair.
  8480 | D:10     | Noticed an oklob plant
  8524 | D:10     | Noticed a two-headed ogre
  8532 | D:10     | Killed a two-headed ogre
  8856 | D:10     | Killed an oklob plant
  8918 | Lair:1   | Entered Level 1 of the Lair of Beasts
  8918 | Lair:1   | Noticed Fannar
  8932 | Lair:1   | Killed Fannar
  8932 | Lair:1   | Gained mutation: You heal very quickly. [Vine Stalker
                  | growth]
  8932 | Lair:1   | Reached XP level 12. HP: 64/64 MP: 15/17
  9205 | Lair:1   | Reached skill level 1 in Dodging
  9963 | Lair:2   | Noticed a seven-headed hydra
  9966 | Lair:2   | Reached ***** piety under Makhleb
 10005 | Lair:2   | Killed a ten-headed hydra
 10851 | Lair:3   | Noticed a six-headed hydra
 10862 | Lair:3   | Killed a one-headed hydra
 10934 | Lair:3   | Noticed a four-headed hydra
 11002 | Lair:3   | Killed a seven-headed hydra
 11128 | Lair:3   | Reached skill level 11 in Axes
 11244 | Lair:3   | Found a staircase to the Shoals.
 11280 | Lair:3   | Found a burning altar of Makhleb.
 11421 | Lair:3   | Noticed wullow's ghost (journeyman DsFi)
 11422 | Lair:3   | Found a runed translucent gate.
 11423 | Lair:3   | Found a runed translucent gate.
 11423 | Lair:3   | Found a runed translucent gate.
 11786 | Lair:4   | Found a transporter.
 11841 | Lair:4   | Found a transporter.
 12373 | Lair:4   | Found a hole to the Spider Nest.
 12485 | Lair:4   | Reached XP level 13. HP: 69/69 MP: 16/19
 12513 | Lair:4   | Reached skill level 5 in Dodging
 13205 | Lair:5   | Found a runed translucent door.
 13206 | Lair:5   | Found a viscous altar of Jiyva.
 13206 | Lair:5   | Noticed an azure jelly
 13207 | Lair:5   | Noticed an azure jelly
 13208 | Lair:5   | Noticed an azure jelly
 13214 | Lair:5   | Found a staircase to the Slime Pits.
 13284 | Lair:6   | Entered Level 6 of the Lair of Beasts
 13418 | Lair:6   | Reached skill level 12 in Axes
 13427 | Lair:6   | HP: 1/70 [fire crab (5)]
 13427 | Lair:6   | Slain by a spriggan

Illustrated notes

Levels and vault maps discovered:
D:1:      nicolae_arrival_memento_mori, layout_basic
D:2:      layout_loops_cross, first_ration, st_stairs_2, nrook_campfire,
          nicolae_underground_beach, uniq_crazy_yiuf_cottage, uniq_sigmund
D:3:      layout_rooms, kennysheep_generic_room_4, uniq_ijyb
D:4:      layout_rooms, nicolae_ru_the_path_less_chosen, fedhas_altar_3,
          kennysheep_cross_room, uniq_eustachio
D:5:      layout_rooms, minmay_temple_entry_junction, serial_shops,
          nicolae_shop_overgrown_old_shop, nicolae_shop_crystal,
          kennysheep_little_box, nicolae_shop_behind_doors, shop,
          grunt_dithmenos_smoke_and_mirrors
D:6:      cheibrodos_fertilizer, layout_rooms, enter_ossuary_5
D:7:      layout_basic, nicolae_gozag_cash_rules_everything_around_me,
          uniq_prince_ribbit1
D:8:      layout_basic, serial_shops, shop_fountains,
          hangedman_little_slice_of_home, uniq_joseph, uniq_grum, uniq_erica
D:9:      layout_irregular_city, zin_academy, david_orc_3, basic_altar,
          minivault_14, corexii_hall_statues_l
D:10:     layout_gridville, dpeg_oklobed_lair, uniq_erolcha, uniq_harold,
          uniq_josephine
Temple:   regret_index_temple_mists
Lair:1:   layout_big_grid, eino_small_chamber_without_monster, st_stairs_13,
          grunt_forest_small_clearings, hangedman_lair_unloving_vines,
          wad_woods_road_01, minivault_19, nicolae_quartered_pool_little,
          uniq_fannar
Lair:2:   layout_cave_pods, lemuel_fruit_tree
Lair:3:   layout_loops_ring, shoals_dummy_entry, ebering_ghost_rock_garden,
          lemuel_oklob_altar, infiniplex_staircase_pool
Lair:4:   gammafunk_cloud_chamber, layout_concentric_octagons,
          nicolae_spider_entry_tight_spaces, small_statue_intersection,
          serial_bayou_shore_b
Lair:5:   layout_hall_layers, slime_altar_2, grunt_megastairs_2
Lair:6:   minmay_lair_end_enchanted_forest, layout_long_grid

Skill      XL: |  1  2  3  4  5  6  7  8  9 10 11 12 13 |
---------------+----------------------------------------+-----
Axes           | 2 3 4 5 6 7 9 10 11 12 | 12.0
Fighting       | 3 4 5 6 7 8 9 |  9.0
Shields        | 3 4 5 6 7 8 9 |  9.0
Armour         | 3 4 5 6 7 8 |  8.2
Invocations    | 2 4 5 6 7 8 |  8.2
Dodging        | 4 5 |  5.6

Action                   |  1- 3 |  4- 6 |  7- 9 | 10-12 | 13-15 || total
-------------------------+-------+-------+-------+-------+-------++-------
Melee: War axe           |    84 |   121 |   308 |   242 |       ||   755
       Bite              |    20 |    40 |   126 |   220 |    50 ||   456
       Broad axe         |       |       |       |   357 |   119 ||   476
Invok: Lesser Servant of |       |       |       |     1 |       ||     1
Evoke: Wand              |       |       |       |     7 |       ||     7
  Use: Scroll            |       |     4 |    16 |    15 |       ||    35
       Potion            |       |       |       |       |     1 ||     1
 Stab: Distracted        |       |       |       |     1 |       ||     1
  Eat: Chunk             |     1 |     4 |     7 |    11 |     3 ||    26
       Ration            |       |       |     1 |     5 |       ||     6
Armor: Scale mail        |    30 |       |       |       |       ||    30
       Chain mail        |    21 |    68 |   118 |    81 |       ||   288
       Plate armour      |       |       |       |   185 |   218 ||   403
Dodge: Dodged            |    26 |    24 |    34 |   111 |    78 ||   273
Block: Kite shield       |    46 |    77 |   265 |   633 |   175 ||  1196
       Reflection        |       |       |     7 |    38 |       ||    45

Table legend:
 A = Non-vault XP
 B = Vault XP
 C = Vault XP percentage of total XP
 D = Non-vault monster count
 E = Vault monster count
 F = Vault count percentage of total count
                 A         B        C        D         E       F
            +---------+---------+-------+---------+---------+-------
      Total |   34606 |   12473 |  26.5 |     316 |      85 |  21.2
            +---------+---------+-------+---------+---------+-------
        D:1 |      27 |       0 |   0.0 |      19 |       0 |   0.0
        D:2 |      35 |     253 |  87.8 |      10 |       5 |  33.3
        D:3 |      91 |      37 |  28.9 |      20 |       2 |   9.1
        D:4 |     257 |     191 |  42.6 |      11 |       1 |   8.3
        D:5 |     606 |       0 |   0.0 |      24 |       0 |   0.0
        D:6 |     623 |     794 |  56.0 |      16 |      18 |  52.9
        D:7 |     952 |     277 |  22.5 |      19 |       1 |   5.0
        D:8 |    1648 |    2183 |  57.0 |      38 |      15 |  28.3
        D:9 |    1362 |     498 |  26.8 |      19 |       8 |  29.6
       D:10 |    3611 |    3403 |  48.5 |      60 |       7 |  10.4
     Lair:1 |     717 |    1118 |  60.9 |       4 |       2 |  33.3
     Lair:2 |    4280 |       0 |   0.0 |      12 |       0 |   0.0
     Lair:3 |    4120 |     542 |  11.6 |      18 |       1 |   5.3
     Lair:4 |    3444 |    1924 |  35.8 |      10 |       8 |  44.4
     Lair:5 |    4808 |     355 |   6.9 |      16 |       1 |   5.9
     Lair:6 |    8025 |     237 |   2.9 |      20 |       2 |   9.1
    Ossuary |       0 |     661 | 100.0 |       0 |      14 | 100.0
            +---------+---------+-------+---------+---------+-------
